 Dungeon Crawl Stone Soup version 0.31.0-11-ge490571c62 (webtiles) character file.

Game seed: 9073581862123550029

51 qw the Shooter (level 3, 0/20 HPs)
             Began as a Deep Elf Hunter on Feb 4, 2024.
             Slain by a cerulean imp
             ... wielding a +1 spear
             ... summoned by Natasha
              (3 damage)
             ... on level 2 of the Dungeon.
             The game lasted 00:00:03 (819 turns).

qw the Shooter (Deep Elf Hunter)                     Turns: 819, Time: 00:00:04

Health: 0/20       AC:  6    Str: 10    XL:     3   Next: 58%
Magic:  5/5        EV:  9    Int: 13    God:
Gold:   67         SH:  0    Dex: 18    Spells: 2/2 levels left

rFire   . . .        a - +0 shortbow (elec)
rCold   . . .        (shield currently unavailable)
rNeg    . . .        f - +0 scale mail
rPois   .            (no helmet)
rElec   .            (no cloak)
rCorr   .            (no gloves)
SInv    .            (no boots)
Will    .....        (no amulet)
Stlth   +            (no ring)
HPRegen 0.23/turn    (no ring)
MPRegen 0.09/turn

%: no passive effects
@: slowed, very slow
A: no striking features
a: no special abilities


You were on level 2 of the Dungeon.
You visited 1 branch of the dungeon, and saw 2 of its levels.

You collected 67 gold pieces.


   Skills:
 - Level 1.5 Fighting
 + Level 7.1 Ranged Weapons
 - Level 2.4 Dodging
 - Level 1.2 Stealth


You had 2 spell levels left.
You didn't know any spells.
Your spell library was empty.

Inventory:

Hand Weapons
 a - a +0 shortbow of electrocution (weapon)
Armour
 f - a +0 scale mail (worn)
Potions
 b - a potion of mutation {unknown}

Dungeon Overview and Level Annotations

Branches:
Dungeon (2/15)

Altars:

Shops:
D:1 (

Annotations:
D:2 Natasha


Message History

The endoplasm is heavily wounded.
You shoot an arrow.
The arrow completely misses the endoplasm.
You shoot an arrow. The arrow hits the endoplasm.
Lightning courses through the endoplasm!
You kill the endoplasm!
Natasha, Servant of Life and Death comes into view.
Natasha hisses angrily.
Natasha mumbles some strange words.
Natasha claws the plant!
The plant begins to die.
Natasha claws the plant.
Natasha casts a spell.
812 ||| RETREEEEATING.
The cerulean imp hits you but does no damage.
813 ||| RETREEEEATING.
A nearby plant withers and dies.
The cerulean imp hits you from afar with a +1 spear.
The cerulean imp hits the plant with a +0 spear.
The plant begins to die.
814 ||| RETREEEEATING.
The cerulean imp hits you but does no damage.
Natasha casts a spell at you.
You feel yourself slow down.
815 ||| RETREEEEATING.
The cerulean imp closely misses you.
816 ||| RETREEEEATING.
The cerulean imp attacks as it pursues you!
The cerulean imp hits you from afar with a +1 spear.
You shoot an arrow.
The arrow barely misses the cerulean imp.
The cerulean imp hits you from afar with a +1 spear.
Natasha mumbles some strange words.
The cerulean imp hits you from afar with a +1 spear. x2
You shoot an arrow. The arrow hits the cerulean imp.
The cerulean imp is moderately wounded.
The cerulean imp hits you but does no damage.
You shoot an arrow. The arrow hits the cerulean imp.
The cerulean imp is severely wounded.
The cerulean imp hits you from afar with a +1 spear. x2
You die...

####### .....# #.# ..... ..#
...# #.# ####..# #.# #
#..#..# #.#+############
..#.#..#..# #..............#
#PP..~..5####........#####.#
#.PP....h5.@.......(......<.
#P..}?P..#####...........###
#..(~~............>......'..
#...PP....#######.....%...###
#.P.PP5P... #.......### #
###....##### #.......# #
#..#. ###'##### # ...#. #.# #
#+# #


You could see Natasha and 2 cerulean imps.

Vanquished Creatures
  Natasha (D:2)
  2 dart slugs (D:1)
  2 bats (D:1)
  3 endoplasms
  A giant cockroach (D:1)
  3 goblins (D:1)
  A hobgoblin (D:1)
  A quokka (D:1)
  3 ball pythons (D:1)
  A frilled lizard (D:1)
  A kobold (D:1)
  4 rats (D:1)
23 creatures vanquished.

Notes
Turn   | Place    | Note
-------+----------+-------------------------------------------
     0 | D:1      | qw the Deep Elf Hunter began the quest for the Orb.
     0 | D:1      | Reached XP level 1. HP: 12/12 MP: 3/3
     0 | D:1      | 0 ||| qw: Version: 0.3-a-160-g6735b56
     0 | D:1      | 0 ||| qw: Game counter: 5185
     0 | D:1      | 0 ||| qw: Melee chars always use a shield: true
     0 | D:1      | 0 ||| qw: God list: Okawaru
     0 | D:1      | 0 ||| qw: Allow faded altars: false
     0 | D:1      | 0 ||| qw: Do Orc after clearing Dungeon:15 true
     0 | D:1      | 0 ||| qw: Do second Lair branch before Depths: true
     0 | D:1      | 0 ||| qw: Lair rune preference: random
     0 | D:1      | 0 ||| qw: Goals: Normal
     0 | D:1      | 0 ||| PLANNING D:1-11
    42 | D:1      | Found Soditiaqio's Weapon Shop.
    48 | D:1      | 48 ||| SHOPLISTING +1 hand cannon of flaming (133 gold,
                  | have 0).
   186 | D:1      | Reached XP level 2. HP: 16/16 MP: 4/4
   229 | D:1      | Reached skill level 6 in Ranged Weapons
   675 | D:1      | 675 ||| UPGRADING to +0 scale mail.
   685 | D:1      | 685 ||| DROPPING +0 leather armour.
   686 | D:1      | 686 ||| READING 2 scrolls labelled MAUZ HARPHIMOMUSO.
   686 | D:1      | 686 ||| IDENTIFYING sedimented golden potion
   687 | D:1      | 687 ||| READING scroll of identify.
   687 | D:1      | 687 ||| IDENTIFYING scroll labelled KIUVVE MESOTA
   688 | D:1      | 688 ||| READING scroll labelled BIDWOD OMMAUFF.
   689 | D:1      | 689 ||| READING 2 scrolls labelled NUOX WO BUDO.
   689 | D:1      | 689 ||| BRANDING +0 shortbow.
   690 | D:1      | 690 ||| READING scroll of brand weapon.
   690 | D:1      | 690 ||| BRANDING +0 shortbow of draining.
   691 | D:1      | 691 ||| DROPPING scroll of butterflies.
   692 | D:1      | 692 ||| DROPPING potion of attraction.
   693 | D:1      | 693 ||| DROPPING scroll of revelation.
   764 | D:2      | Noticed Natasha
   765 | D:2      | Killed Natasha
   766 | D:2      | Reached skill level 7 in Ranged Weapons
   766 | D:2      | Reached XP level 3. HP: 20/20 MP: 5/5
   806 | D:2      | Noticed Natasha
   812 | D:2      | 812 ||| RETREEEEATING.
   813 | D:2      | 813 ||| RETREEEEATING.
   814 | D:2      | 814 ||| RETREEEEATING.
   815 | D:2      | 815 ||| RETREEEEATING.
   816 | D:2      | 816 ||| RETREEEEATING.
   817 | D:2      | HP: 4/20 [cerulean imp/+1 spear[Natasha] (2)]
   819 | D:2      | Slain by a cerulean imp

Levels and vault maps discovered:
D:1:      dpeg_arrival_rooms_with_view, layout_loops_ring, serial_shops,
          nicolae_shop_bloodbath_and_beyond
D:2:      layout_basic, shapermc_ecumenical_altar_mp_ritualfount, uniq_natasha

Skill      XL: |  1  2 |
---------------+-------+-----
Ranged Weapons | 7 |  7.1
Fighting       | |  1.5
Dodging        | |  2.4
Stealth        | |  1.2

Action                     || total
---------------------------++-------
   Fire: Shortbow          ||    66
    Use: Scroll            ||     5
 Armour: Leather armour    ||     6
         Scale mail        ||    10
  Dodge: Dodged            ||    13

Table legend:
 A = Non-vault XP
 B = Vault XP
 C = Vault XP percentage of total XP
 D = Non-vault monster count
 E = Vault monster count
 F = Vault count percentage of total count
                 A         B        C        D         E       F
            +---------+---------+-------+---------+---------+-------
      Total |      33 |      41 |  55.4 |      20 |       3 |  13.0
            +---------+---------+-------+---------+---------+-------
        D:1 |      31 |       6 |  16.2 |      19 |       2 |   9.5
        D:2 |       2 |      35 |  94.6 |       1 |       1 |  50.0
            +---------+---------+-------+---------+---------+-------
